 Dungeon Crawl Stone Soup version 0.29.0-5-ge4962eb29e (webtiles) character file.

Game seed: 8312862948450443843

182 Zeld the Chopper (level 5, 0/70 HPs)
             Began as a Minotaur Berserker on Aug 28, 2022.
             Was a Believer of Trog.
             Succumbed to Robin's poison
             ... on level 4 of the Dungeon.
             The game lasted 00:02:00 (2316 turns).

Zeld the Chopper (Minotaur Berserker)               Turns: 2316, Time: 00:02:00

Health: 0/70       AC:  3    Str: 24    XL:     5   Next: 34%
Magic:  4/4        EV: 12    Int:  4    God:    Trog [**....]
Gold:   196        SH:  0    Dex:  9    Spells: 4/4 levels left

rFire   . . .      SeeInvis .   a - +0 war axe
rCold   . . .      Faith    .   (no shield)
rNeg    . . .      Spirit   .   b - +0 animal skin
rPois   .          Reflect  .   (helmet restricted)
rElec   .          Harm     .   (no cloak)
rCorr   +          Rampage  .   (no gloves)
Will    .....                   d - +0 pair of boots
Stlth   ..........              (no amulet)
HPRegen 0.21/turn               l - ring of resist corrosion
MPRegen 0.09/turn               (no ring)

@: berserking (expiring), lethally poisoned (0 -> -28), very quick
A: horns 2, retaliatory headbutt
a: Renounce Religion, Berserk, Trog's Hand


You were on level 4 of the Dungeon.
You worshipped Trog.
Trog was pleased with you.
You visited 1 branch of the dungeon, and saw 4 of its levels.

You collected 196 gold pieces.

Inventory:

Hand Weapons
 a - a +0 war axe (weapon)
 k - the +7 lajatang of Order {silver, rMut}
   (You found it on level 2 of the Dungeon)

   It inflicts extra damage upon those it strikes, and deals substantially
   increased damage to chaotic, mutated and magically transformed beings.
   rMut:      It protects you from mutation.
Missiles
 h - 10 poisoned darts (quivered)
 p - a boomerang
Armour
 b - a +0 animal skin (worn)
 d - a +0 pair of boots (worn)
Jewellery
 l - a ring of resist corrosion (left hand)
Scrolls
 e - a scroll of teleportation {unknown}
 i - a scroll of blinking {unknown}
 m - a scroll of magic mapping {unknown}
 r - 3 scrolls of identify {unknown}
 s - a scroll of fear {unknown}
 u - a scroll of enchant armour {unknown}
Potions
 c - a potion of might {unknown}
 f - 2 potions of attraction {unknown}
 g - a potion of mutation {unknown}
 j - a potion of heal wounds {unknown}
 n - a potion of curing {unknown}
 o - a potion of invisibility {unknown}
 q - 2 potions of brilliance {unknown}
 t - a potion of ambrosia {unknown}
 v - a potion of berserk rage {unknown}


   Skills:
 + Level 4.5 Fighting
 * Level 5.4 Axes
 + Level 3.6 Armour
 + Level 3.3 Dodging


You had 4 spell levels left.
You didn't know any spells.
Your spell library was empty.

Dungeon Overview and Level Annotations

Branches:
Dungeon (4/15)             Temple (0/1) D:4

Altars:

Annotations:
D:4 Robin


Innate Abilities, Weirdness & Mutations

You have a pair of horns on your head.
You reflexively headbutt those who attack you in melee.


Message History

Items here: )))) ††.
You closely miss the goblin.
You feel sick. Robin throws the goblin at you!
The goblin unwields a +0 sling.
The goblin wields a +0 club.
The goblin hits you with a +0 club.
You barely miss the goblin. Your headbutt misses the goblin.
You slash the goblin!
You kill the goblin!
Trog accepts your kill.
You feel sick. Robin closely misses you.
Unknown command.
You closely miss the goblin.
You feel sick. The goblin barely misses you.
Robin hits you from afar with a +2 spear of venom.
You are more poisoned.
You closely miss the goblin. You headbutt the goblin.
You kill the goblin!
Trog accepts your kill.
You feel very sick.
Unknown command.
You feel sick. The black bear barely misses you. You furiously retaliate!
You headbutt the black bear! The black bear claws you. x2
Robin hits you with a +2 spear of venom.
* * * LOW HITPOINT WARNING * * *
You are lethally poisoned!
Things that are here:
a +0 club; a +0 sling You barely miss the black bear.
The black bear is heavily wounded.
You hit Robin.
* * * LOW HITPOINT WARNING * * *
You feel very sick. The black bear bites you.
* * * LOW HITPOINT WARNING * * *
The black bear claws you but does no damage. x2
Robin hits you with a +2 spear of venom.
* * * LOW HITPOINT WARNING * * *
You are more poisoned.
You completely miss the black bear.
The black bear is heavily wounded.
You barely miss Robin.
You die...

##### ######...# ##
#..~~~...#
...##.~~§§~..## #
#...~~§§~~~... #.≈
##~§§>~~~###
#.≈≈.########.§~§§§§§#
#....oh@))))...~§§§~.#
#.....g#####....~~~....#
#....#. #....###...#..
#### #. #..### ###...#
.. ....# ###.. .. ....o.
.. ......#.## ........
....<.


You could see a black bear, Robin and an orc.

Vanquished Creatures
  A scorpion (D:4)
  Terence (D:2)
  An orc wizard (D:3)
  2 adders
  2 worms (D:3)
  5 orcs
  9 endoplasms
  A giant cockroach (D:3)
  16 goblins
  2 hobgoblins
  3 ball pythons
  7 bats
  3 frilled lizards (D:1)
  2 kobolds (D:1)
  3 rats (D:1)
58 creatures vanquished.

Vanquished Creatures (others)
  A hobgoblin (D:2)
  4 toadstools (D:1)
5 creatures vanquished.

Grand Total: 63 creatures vanquished

Notes
Turn   | Place    | Note
-------+----------+-------------------------------------------
     0 | D:1      | Zeld the Minotaur Berserker began the quest for the Orb.
     0 | D:1      | Reached XP level 1. HP: 19/19 MP: 0/0
   273 | D:1      | Reached XP level 2. HP: 27/27 MP: 1/1
   372 | D:1      | Reached skill level 4 in Axes
   848 | D:2      | Found a faded altar of an unknown god.
   861 | D:2      | Found the +7 lajatang of Order {silver, rMut}
  1054 | D:2      | Noticed Terence
  1060 | D:2      | Killed Terence
  1061 | D:2      | Reached XP level 3. HP: 27/33 MP: 2/2
  1308 | D:3      | Reached XP level 4. HP: 39/40 MP: 3/3
  1308 | D:3      | Reached ** piety under Trog
  2011 | D:3      | Reached skill level 5 in Axes
  2275 | D:4      | Found a staircase to the Ecumenical Temple.
  2288 | D:4      | Noticed Robin
  2300 | D:4      | Noticed a black bear
  2301 | D:4      | Noticed a scorpion
  2308 | D:4      | Killed a scorpion
  2309 | D:4      | Reached XP level 5. HP: 47/47 MP: 4/4
  2316 | D:4      | Succumbed to Robin's poison

Illustrated notes

Levels and vault maps discovered:
D:1:      ldierk_water_garden, layout_basic, serial_glass, glass_columns_b,
          glass_columns_c
D:2:      layout_rooms, hellmonk_ecumenical_altar_blasted, grunt_ministairs_4,
          minivault_23, uniq_terence
D:3:      layout_basic, chequers_mini_garden
D:4:      layout_rooms, minmay_temple_entry_mist, enter_ossuary_2,
          nicolae_wooded_promenade, hex_tiny, uniq_grinder, uniq_robin

Skill      XL: |  1  2  3  4 |
---------------+-------------+-----
Axes           | 4 5 |  5.4
Fighting       | 4 |  4.5
Armour         | 3 |  3.6
Dodging        | 3 |  3.3

Action                   |  1- 3 |  4- 6 || total
-------------------------+-------+-------++-------
Melee: War axe           |    39 |    54 ||    93
       Hand axe          |     3 |       ||     3
       Headbutt          |     2 |     8 ||    10
       Punch             |     1 |       ||     1
       Lajatang          |     5 |       ||     5
Invok: Berserk           |       |     1 ||     1
Armor: Animal skin       |    13 |    21 ||    34
Dodge: Dodged            |    43 |    38 ||    81
